AoeStats
← Corwen

Arena

509911062Analyzed
1v1 RM · 3d ago on Sep 28, 2026· 60m 2s· 2 players
Game mode
Random Map
Map size
Tiny (2 player)
Population
200
Speed
Normal
Resources
Standard
Victory
Conquest
Starting age
Dark Age
Ending age
Imperial Age
RankedLock teamsTeams togetherTeam positionsShared explorationLock speedFull tech treeHidden civsTurbo modeCheats
Victory
Defeat
🇧🇷 Persians · Brazil
573
+13
🇫🇷 Aztecs · France
517
-13
Corwen
11:10 Feudal Age
11:39 Double-Bit Axe
11:40 Horse Collar
13:19 Wheelbarrow
12:45 Gold Mining
20:46 Castle Age
22:09 Hand Cart
22:35 Gold Shaft Mining
21:51 Stone Mining
22:03 Heavy Plow
25:21 Forging
25:12 Scale Mail Armor
25:13 Padded Archer Armor
25:06 Fletching
25:10 Stone Mining
30:28 Imperial Age
28:09 Arson
28:25 Squires
27:45 Pikeman
28:11 Gambesons
29:05 Bow Saw
32:00 Crop Rotation
32:09 Stone Shaft Mining
31:22 Town Watch
31:23 Loom
32:11 Ballistics
31:15 Elite Skirmisher
32:22 Town Patrol
31:59 Eagle Warrior
34:51 Garland Wars
34:32 Atlatl
36:35 Chemistry
35:49 Fortified Wall
37:01 Conscription
36:33 Elite Jaguar Warrior
37:12 Capped Ram
38:38 Siege Ram
39:27 Crossbowman
44:03 Arbalester
47:24 Chain Mail Armor
47:44 Iron Casting
47:25 Leather Archer Armor
50:12 Plate Mail Armor
49:38 Bodkin Arrow
53:32 Bracer
bruno211293
11:04 Feudal Age
11:25 Double-Bit Axe
16:19 Castle Age
14:18 Horse Collar
14:51 Gold Mining
17:33 Bow Saw
23:48 Bloodlines
28:26 Imperial Age
26:45 Forging
26:54 Heavy Plow
27:56 Scale Barding Armor
28:04 Husbandry
28:01 Stone Mining
28:58 Gold Shaft Mining
28:09 Cavalier
29:35 Iron Casting
30:45 Two-Man Saw
30:36 Crop Rotation
30:42 Ballistics
32:29 Chemistry
31:25 Fletching
32:06 Light Cavalry
32:24 Crossbowman
33:14 Thumb Ring
33:11 Bodkin Arrow
34:10 Kamandaran
34:32 Conscription
35:59 Hussar
37:08 Padded Archer Armor
37:34 Chain Barding Armor
37:58 Wheelbarrow
38:40 Leather Archer Armor
39:26 Blast Furnace
38:44 Citadels
39:04 Hand Cart
38:49 Town Watch
38:54 Loom
42:17 Plate Barding Armor
42:14 Ring Archer Armor
48:58 Town Patrol
49:08 Elite War Elephant
Connection lost

Rejoining the realm…

Still unreachable

The connection could not be restored.

Session expired

The server has moved on; the page needs a fresh start.